3AAA
SANTA BARBARA GOLDEN CRANES @ SIOUX FALLS RED PANDAS
07/30/2025
 
TOP OF THE 1ST
Santa Barbara Golden Cranes batting - Pitching for Sioux Falls Red Pandas : RHP Mario González
Pitching: RHP Mario González
Batting: LHB Job Pels 0-0: Ball
1-0: Ball
2-0: Ball
3-0: Base on Balls
Batting: RHB John Moss 0-0: Ball
1-0: Ball
2-0: Called Strike
2-1: Swinging Strike
2-2: Ball
3-2: Foul Ball, location: 2F
3-2: Foul Ball, location: 2F
3-2: SINGLE (Line Drive, 6M)
Job Pels to second
Job Pels to third
Batting: LHB Sixto Álvarez 0-0: SINGLE (Groundball, 34D)
Job Pels scores
John Moss to second
Throwing error, E9
John Moss scores
Sixto Álvarez to second
Batting: RHB Logan Manning 0-0: Ball
1-0: Foul Ball, location: 2F
1-1: Foul Ball, location: 2F
1-2: Ball
2-2: Foul Ball, location: 2F
2-2: Ground out 6-3 (Groundball, 6M)
Sixto Álvarez to third
Batting: RHB Rubén Campos 0-0: Called Strike
0-1: Fly out, F3 (Popup, 3L)
Batting: RHB Xavier Hernández 0-0: Swinging Strike
0-1: Swinging Strike
0-2: Ball
1-2: Strikes out looking
Top of the 1st over - 2 run(s), 2 hit(s), 1 error(s), 1 left on base; Santa Barbara 2 - Sioux Falls 0
BOTTOM OF THE 1ST
Sioux Falls Red Pandas batting - Pitching for Santa Barbara Golden Cranes : LHP Shunen Takahashi
Pitching: LHP Shunen Takahashi
Batting: RHB Emílio Ortíz 0-0: Ball
1-0: Called Strike
1-1: Swinging Strike
1-2: Strikes out swinging
Batting: RHB Jesús Vásquez 0-0: Ground out 6-3 (Groundball, 6)
Batting: LHB Armando Becerra 0-0: Ball
1-0: Foul Ball, location: 2F
1-1: Fly out, F8 (Flyball, 8RD)
Bottom of the 1st over - 0 run(s), 0 hit(s), 0 error(s), 0 left on base; Santa Barbara 2 - Sioux Falls 0
TOP OF THE 2ND
Santa Barbara Golden Cranes batting - Pitching for Sioux Falls Red Pandas : RHP Mario González
Batting: RHB Salvador Noriega 0-0: Ball
1-0: Foul Ball, location: 2F
1-1: Foul Ball, location: 2F
1-2: Foul Ball, location: 2F
1-2: Ball
2-2: Ball
3-2: Ground out 1-3 (Groundball, 13S)
Batting: RHB Pepe Castroneves 0-0: Ball
1-0: Fly out, F8 (Flyball, 8RM)
Batting: RHB Frank Grimes 0-0: Fly out, F9 (Flyball, 89D)
Top of the 2nd over - 0 run(s), 0 hit(s), 0 error(s), 0 left on base; Santa Barbara 2 - Sioux Falls 0
BOTTOM OF THE 2ND
Sioux Falls Red Pandas batting - Pitching for Santa Barbara Golden Cranes : LHP Shunen Takahashi
Batting: RHB Mario Pińa 0-0: Foul Ball, location: 2F
0-1: SINGLE (Groundball, 3D)
Batting: LHB Magali Lenidas 0-0: Called Strike
0-1: Ball
1-1: Foul Ball, location: 2F
1-2: Ball
2-2: Foul Ball, location: 2F
2-2: Foul Ball, location: 2F
2-2: Ball
3-2: Foul Ball, location: 2F
3-2: Fly out, F7 (Flyball, 7S)
Batting: RHB Eduardo Sánchez 0-0: Called Strike
0-1: Ball
1-1: Ball
2-1: DOUBLE (Groundball, 5L)
Mario Pińa to third
Runner from 3rd tries for Home, SAFE, no throw
Batting: SHB Tsing Guao 0-0: SINGLE (Flyball, 8LS)
Eduardo Sánchez to third
Batting: RHB David Morales 0-0: Foul Ball, location: 2F
0-1: Ball
1-1: Foul Ball, location: 2F
1-2: Foul Ball, location: 2F
1-2: Foul Ball, location: 2F
1-2: Ball
2-2: Strikes out looking
Batting: SHB Landon Lovelace 0-0: Foul Ball, location: 2F
0-1: Fielders Choice at 2nd, 4-6 (Groundball, 4)
Bottom of the 2nd over - 1 run(s), 3 hit(s), 0 error(s), 1 left on base; Santa Barbara 2 - Sioux Falls 1
TOP OF THE 3RD
Santa Barbara Golden Cranes batting - Pitching for Sioux Falls Red Pandas : RHP Mario González
Batting: LHB Job Pels 0-0: Ground out 4-3 (Groundball, 4)
Batting: RHB John Moss 0-0: Fly out, F8 (Flyball, 8RM)
Batting: LHB Sixto Álvarez 0-0: Swinging Strike
0-1: Swinging Strike
0-2: Foul Ball, location: 2F
0-2: Fly out, F8 (Flyball, 78S)
Top of the 3rd over - 0 run(s), 0 hit(s), 0 error(s), 0 left on base; Santa Barbara 2 - Sioux Falls 1
BOTTOM OF THE 3RD
Sioux Falls Red Pandas batting - Pitching for Santa Barbara Golden Cranes : LHP Shunen Takahashi
Batting: RHB Emílio Ortíz 0-0: Ball
1-0: Ground out 5-3 (Groundball, 5)
Batting: RHB Jesús Vásquez 0-0: Ball
1-0: Ground out 1-3 (Groundball, 13S)
Batting: LHB Armando Becerra 0-0: Ball
1-0: Foul Ball, location: 2F
1-1: Swinging Strike
1-2: Foul Ball, location: 2F
1-2: Strikes out swinging
Bottom of the 3rd over - 0 run(s), 0 hit(s), 0 error(s), 0 left on base; Santa Barbara 2 - Sioux Falls 1
TOP OF THE 4TH
Santa Barbara Golden Cranes batting - Pitching for Sioux Falls Red Pandas : RHP Mario González
Batting: RHB Logan Manning 0-0: Ball
1-0: Ball
2-0: Foul Ball, location: 2F
2-1: Ground out 6-3 (Groundball, 6)
Batting: RHB Rubén Campos 0-0: Ball
1-0: Ball
2-0: Ball
3-0: Base on Balls
Batting: RHB Xavier Hernández 0-0: Called Strike
0-1: Ball
1-1: Swinging Strike
1-2: Strikes out swinging
Batting: RHB Salvador Noriega 0-0: Ball
1-0: Ball
2-0: Foul Ball, location: 2F
2-1: Swinging Strike
2-2: Strikes out swinging
Top of the 4th over - 0 run(s), 0 hit(s), 0 error(s), 1 left on base; Santa Barbara 2 - Sioux Falls 1
BOTTOM OF THE 4TH
Sioux Falls Red Pandas batting - Pitching for Santa Barbara Golden Cranes : LHP Shunen Takahashi
Batting: RHB Mario Pińa 0-0: Ball
1-0: Ball
2-0: Ball
3-0: Called Strike
3-1: Fly out, F4 (Popup, 4D)
Batting: LHB Magali Lenidas 0-0: SINGLE (Line Drive, 7S)
Batting: RHB Eduardo Sánchez 0-0: Called Strike
0-1: Called Strike
0-2: Ball
1-2: Ball
2-2: SINGLE (Flyball, 78S)
Magali Lenidas to second
Batting: SHB Tsing Guao 0-0: Called Strike
0-1: Ball
1-1: Grounds into double play, 6-4-3 (Groundball, 6)
Bottom of the 4th over - 0 run(s), 2 hit(s), 0 error(s), 1 left on base; Santa Barbara 2 - Sioux Falls 1
TOP OF THE 5TH
Santa Barbara Golden Cranes batting - Pitching for Sioux Falls Red Pandas : RHP Mario González
Batting: RHB Pepe Castroneves 0-0: Ground out U3 (Groundball, 3L)
Batting: RHB Frank Grimes 0-0: Ball
1-0: Ball
2-0: Called Strike
2-1: Ball
3-1: Foul Ball, location: 2F
3-2: Fly out, F8 (Line Drive, 8LM)
Batting: LHB Job Pels 0-0: Swinging Strike
0-1: Swinging Strike
0-2: Ball
1-2: Foul Ball, location: 2F
1-2: Foul Ball, location: 2F
1-2: Ground out 4-3 (Groundball, 4S)
Top of the 5th over - 0 run(s), 0 hit(s), 0 error(s), 0 left on base; Santa Barbara 2 - Sioux Falls 1
BOTTOM OF THE 5TH
Sioux Falls Red Pandas batting - Pitching for Santa Barbara Golden Cranes : LHP Shunen Takahashi
Batting: RHB David Morales 0-0: Called Strike
0-1: SINGLE (Flyball, 89S)
Batting: SHB Landon Lovelace 0-0: Foul Ball, location: 2F
0-1: Called Strike
0-2: Ball
1-2: Grounds into double play, 6-4-3 (Groundball, 6)
Batting: RHB Emílio Ortíz 0-0: Ball
1-0: Foul Ball, location: 2F
1-1: Foul Ball, location: 2F
1-2: Ground out 4-3 (Groundball, 4)
Bottom of the 5th over - 0 run(s), 1 hit(s), 0 error(s), 0 left on base; Santa Barbara 2 - Sioux Falls 1
TOP OF THE 6TH
Santa Barbara Golden Cranes batting - Pitching for Sioux Falls Red Pandas : RHP Mario González
Batting: RHB John Moss 0-0: Ball
1-0: Swinging Strike
1-1: Foul Ball, location: 2F
1-2: Ball
2-2: Ball
3-2: Base on Balls
Batting: LHB Sixto Álvarez 0-0: Ball
1-0: Foul Ball, location: 2F
1-1: Ball
2-1: Ball
3-1: Called Strike
3-2: Ground out 4-3 (Groundball, 4)
John Moss to second
Batting: RHB Logan Manning 0-0: Ball
1-0: Ball
2-0: Ball
3-0: Base on Balls
Pitching: RHP Shao-qi Phan
Batting: RHB Rubén Campos 0-0: Fly out, F9 (Flyball, 9)
Runner from 2nd tags up, SAFE at 3rd with throw
Batting: RHB Xavier Hernández 0-0: 3-RUN HOME RUN (Flyball, 78XD), Distance : 457 ft
Batting: RHB Salvador Noriega 0-0: Called Strike
0-1: Ball
1-1: Ball
2-1: Ball
3-1: Called Strike
3-2: Ground out 6-3 (Groundball, 6)
Top of the 6th over - 3 run(s), 1 hit(s), 0 error(s), 0 left on base; Santa Barbara 5 - Sioux Falls 1
BOTTOM OF THE 6TH
Sioux Falls Red Pandas batting - Pitching for Santa Barbara Golden Cranes : LHP Shunen Takahashi
Batting: RHB Jesús Vásquez 0-0: Called Strike
0-1: Called Strike
0-2: Ball
1-2: Foul Ball, location: 2F
1-2: Fly out, F8 (Flyball, 8LM)
Batting: LHB Armando Becerra 0-0: Ball
1-0: Ball
2-0: Called Strike
2-1: Foul Ball, location: 2F
2-2: Ground out U3 (Groundball, 34)
Batting: RHB Mario Pińa 0-0: Ball
1-0: Ground out U3 (Groundball, 34)
Bottom of the 6th over - 0 run(s), 0 hit(s), 0 error(s), 0 left on base; Santa Barbara 5 - Sioux Falls 1
TOP OF THE 7TH
Santa Barbara Golden Cranes batting - Pitching for Sioux Falls Red Pandas : RHP Shao-qi Phan
Batting: RHB Pepe Castroneves 0-0: Called Strike
0-1: Foul Ball, location: 2F
0-2: Ball
1-2: Strikes out swinging
Batting: RHB Frank Grimes 0-0: Foul Ball, location: 2F
0-1: Ball
1-1: Ball
2-1: Called Strike
2-2: Foul Ball, location: 2F
2-2: Foul Ball, location: 2F
2-2: Strikes out swinging
Batting: LHB Job Pels 0-0: Swinging Strike
0-1: Foul Ball, location: 2F
0-2: Ball
1-2: Reached on error, E4 (Groundball, 4)
Pitching: RHP Guillermo Pérez
Batting: RHB John Moss 0-0: Ball
1-0: Ball
2-0: Called Strike
2-1: Called Strike
2-2: Ball
Job Pels steals 2nd base
3-2: Ground out 6-3 (Groundball, 6)
Top of the 7th over - 0 run(s), 0 hit(s), 1 error(s), 1 left on base; Santa Barbara 5 - Sioux Falls 1
BOTTOM OF THE 7TH
Sioux Falls Red Pandas batting - Pitching for Santa Barbara Golden Cranes : LHP Shunen Takahashi
Batting: LHB Magali Lenidas 0-0: Ball
1-0: Fly out, F8 (Flyball, 8LS)
Batting: RHB Eduardo Sánchez 0-0: Foul Ball, location: 2F
0-1: Called Strike
0-2: Fly out, F5 (Line Drive, 5)
Batting: SHB Tsing Guao 0-0: Foul Ball, location: 2F
0-1: Foul Ball, location: 2F
0-2: Ball
1-2: SINGLE (Groundball, 56D)
Batting: RHB David Morales 0-0: Ball
1-0: Ball
2-0: Ground out 5-3 (Groundball, 5S)
Bottom of the 7th over - 0 run(s), 1 hit(s), 0 error(s), 1 left on base; Santa Barbara 5 - Sioux Falls 1
TOP OF THE 8TH
Santa Barbara Golden Cranes batting - Pitching for Sioux Falls Red Pandas : RHP Guillermo Pérez
Batting: LHB Sixto Álvarez 0-0: Fly out, F7 (Flyball, 7S)
Batting: RHB Logan Manning 0-0: Ball
1-0: Ball
2-0: Ball
3-0: Called Strike
3-1: Fly out, F9 (Flyball, 9D)
Batting: RHB Rubén Campos 0-0: Ground out 4-3 (Groundball, 4)
Top of the 8th over - 0 run(s), 0 hit(s), 0 error(s), 0 left on base; Santa Barbara 5 - Sioux Falls 1
BOTTOM OF THE 8TH
Sioux Falls Red Pandas batting - Pitching for Santa Barbara Golden Cranes : LHP Shunen Takahashi
Batting: SHB Landon Lovelace 0-0: Ball
1-0: Ball
2-0: Called Strike
2-1: Swinging Strike
2-2: Ball
3-2: Foul Ball, location: 2F
3-2: Ground out 6-3 (Groundball, 6)
Batting: RHB Emílio Ortíz 0-0: DOUBLE (Line Drive, 7LM)
Batting: RHB Jesús Vásquez 0-0: Called Strike
0-1: Foul Ball, location: 2F
0-2: Fly out, F8 (Flyball, 8LM)
Batting: LHB Armando Becerra 0-0: Ball
1-0: Foul Ball, location: 2F
1-1: Ball
2-1: Ground out 4-3 (Groundball, 34)
Bottom of the 8th over - 0 run(s), 1 hit(s), 0 error(s), 1 left on base; Santa Barbara 5 - Sioux Falls 1
TOP OF THE 9TH
Santa Barbara Golden Cranes batting - Pitching for Sioux Falls Red Pandas : RHP Guillermo Pérez
Batting: RHB Xavier Hernández 0-0: Ball
1-0: SINGLE (Groundball, 56D)
Batting: RHB Salvador Noriega 0-0: Sac Bunt - play at first, batter OUT! 5-3
Xavier Hernández to second
Batting: RHB Pepe Castroneves 0-0: Reached on error, E5 (Groundball, 56S)
Xavier Hernández to third
Batting: RHB Frank Grimes 0-0: Called Strike
0-1: Swinging Strike
0-2: Ball
1-2: Ball
2-2: Strikes out swinging
Batting: LHB Job Pels 0-0: Ball
1-0: Called Strike
1-1: Called Strike
1-2: Ball
2-2: Strikes out swinging
Top of the 9th over - 0 run(s), 1 hit(s), 1 error(s), 2 left on base; Santa Barbara 5 - Sioux Falls 1
BOTTOM OF THE 9TH
Sioux Falls Red Pandas batting - Pitching for Santa Barbara Golden Cranes : LHP Shunen Takahashi
Batting: RHB Mario Pińa 0-0: Reached on error, E2 (Groundball, 15S)
Batting: LHB Magali Lenidas 0-0: Called Strike
0-1: Ball
1-1: Ball
2-1: Fly out, F8 (Flyball, 8RXD)
Runner from 2nd tags up, SAFE at 3rd, no throw
Pitching: LHP Sergio Hernández
Batting: RHB Eduardo Sánchez 0-0: Swinging Strike
0-1: Ball
1-1: Ball
2-1: Swinging Strike
2-2: Ball
3-2: Foul Ball, location: 2F
3-2: Strikes out swinging
Batting: SHB Tsing Guao 0-0: Ball
1-0: Ball
2-0: Called Strike
2-1: Foul Ball, location: 2F
2-2: Ball
3-2: Base on Balls
Pitching: RHP Xavier Andrade
Batting: RHB David Morales 0-0: Called Strike
0-1: Ball
1-1: Ball
2-1: Ball
3-1: Called Strike
3-2: Fly out, F8 (Flyball, 8LD)
Bottom of the 9th over - 0 run(s), 0 hit(s), 1 error(s), 2 left on base; Santa Barbara 5 - Sioux Falls 1
Friday, December 30th, 2016 - OOTP Baseball 17.12 Build 75